 Dungeon Crawl Stone Soup version 0.21.1-68-g103a7afc0a (webtiles) character file.

367 NoAnimeNoLife the Cleaver (level 6, 0/51 HPs)
             Began as a Hill Orc Fighter on Aug 2, 2018.
             Slain by Ijyb (1 damage)
             ... on level 3 of the Dungeon.
             The game lasted 00:03:17 (2511 turns).

NoAnimeNoLife the Cleaver (Hill Orc Fighter)        Turns: 2511, Time: 00:03:18

Health: 0/51       AC: -1    Str: 19    XL:     6   Next: 69%
Magic:  6/6        EV:  7    Int:  8    God:
Gold:   123        SH:  9    Dex: 12    Spells: 5/5 levels left

rFire    . . .     SeeInvis .   a - +0 war axe
rCold    . . .     Gourm    .   c - +0 shield
rNeg     . . .     Faith    .   b - +0 scale mail
rPois    .         Spirit   .   (no helmet)
rElec    .         Reflect  .   (no cloak)
rCorr    .         Harm     .   (no gloves)
MR       .....                  (no boots)
Stlth    ..........             (no amulet)
HPRegen  0.17/turn              (no ring)
MPRegen  0.10/turn              (no ring)

@: corroded
A: no striking features
a: no special abilities


You were on level 3 of the Dungeon.
You were not hungry.

You visited 1 branch of the dungeon, and saw 3 of its levels.

You collected 123 gold pieces.

Inventory:

Hand Weapons
 a - a +0 war axe (weapon)
Missiles
 v - 2 poisoned tomahawks (quivered)
Armour
 b - a +0 scale mail (worn)
 c - a +0 shield (worn)
Jewellery
 d - an uncursed amulet of faith {unknown}
 i - an uncursed ring of magical power {unknown}
Wands
 t - a wand of flame (39)
Scrolls
 e - 2 scrolls of remove curse {unknown}
 g - a scroll of enchant armour {unknown}
 h - a scroll of magic mapping {unknown}
 j - a scroll of teleportation {unknown}
 l - 2 scrolls of identify {unknown}
 o - a scroll of random uselessness {unknown}
 p - a scroll of immolation {unknown}
 r - a scroll of blinking {unknown}
Potions
 k - a potion of berserk rage {unknown}
 m - 2 potions of heal wounds
 n - a potion of degeneration {unknown}
 q - a potion of cancellation {unknown}
 s - a potion of brilliance {unknown}
 u - a potion of invisibility {unknown}
 w - a potion of lignification {unknown}
Comestibles
 f - 2 rations


   Skills:
 - Level 3.6 Fighting
 + Level 9.1 Axes
 - Level 3.2 Armour
 - Level 3.2 Shields


You had 5 spell levels left.
You didn't know any spells.

Dungeon Overview and Level Annotations

Branches:
Dungeon (3/15)

Altars:
Wu Jian

Annotations:
D:3 Ijyb


Message History

* * * LOW HITPOINT WARNING * * *
Your shield prevents you from hitting Ijyb.
Ijyb is almost dead.
Ijyb hits you but does no damage. x2
It was a potion of heal wounds.
You feel much better. Ijyb hits you but does no damage.
You hit Ijyb but do no damage.
Ijyb is almost dead.
Ijyb zaps a wand.
The bolt of acid hits you!
* * * LOW HITPOINT WARNING * * *
The acid corrodes you!
You are splashed with acid!
The acid burns!
* * * LOW HITPOINT WARNING * * *
Your shield and scale mail prevent you from hitting Ijyb.
Ijyb is almost dead.
You block Ijyb's attack.
You barely miss Ijyb.
Ijyb is almost dead.
Ijyb screams, "Die!"
Ijyb hits you.
You die...

#................
##.####..###.#.#.#
......#....)......
##.#.########..#.#
............ .#.#
##.#)###### ##.#
...#.# # #.#
.###.# #. #g# .#
#)# #.##@### .#
#.# ##......# .#
#.# #.....### .#
#.# #.###.# .# #.#
#.# #.# #.# #.#
#.# #.# #.# #.#
#.#######.###.###
#...............#


You could see Ijyb.

Vanquished Creatures
  The ghost of Anaz the Cudgeler, an amateur HuSk (D:3)
  A scorpion (D:2)
  A bullfrog skeleton (D:3)
  A worker ant (D:2)
  4 gnolls (D:2)
  2 adders
  An ooze (D:3)
  3 worms (D:2)
  3 dart slugs
  3 leopard geckos
  An orc (D:3)
  6 giant cockroaches
  3 goblins
  10 hobgoblins
  11 bats
  5 frilled lizards
  6 kobolds
  9 rats
71 creatures vanquished.

Notes
Turn   | Place    | Note
-------+----------+-------------------------------------------
     0 | D:1      | NoAnimeNoLife the Hill Orc Fighter began the quest for the Orb.
     0 | D:1      | Reached XP level 1. HP: 19/19 MP: 1/1
    12 | D:1      | Reached skill level 3 in Axes
   111 | D:1      | Reached XP level 2. HP: 25/26 MP: 2/2
   195 | D:1      | Reached skill level 4 in Axes
   335 | D:1      | Reached XP level 3. HP: 27/31 MP: 3/3
   748 | D:2      | Reached skill level 5 in Axes
  1016 | D:2      | Noticed a scorpion
  1022 | D:2      | Killed a scorpion
  1022 | D:2      | Reached skill level 6 in Axes
  1022 | D:2      | Reached XP level 4. HP: 35/39 MP: 4/4
  1207 | D:2      | Reached XP level 5. HP: 45/45 MP: 5/5
  1218 | D:2      | Reached skill level 7 in Axes
  1292 | D:2      | Found an ornate altar of the Wu Jian Council.
  1817 | D:3      | Noticed Anaz's ghost (amateur HuSk)
  1833 | D:3      | Killed Anaz's ghost
  1833 | D:3      | Reached skill level 8 in Axes
  1833 | D:3      | Reached XP level 6. HP: 32/51 MP: 6/6
  2203 | D:3      | Reached skill level 9 in Axes
  2493 | D:3      | Noticed Ijyb
  2509 | D:3      | HP: 1/51 [acid (13)]
  2511 | D:3      | Slain by Ijyb

Skill      XL: |  1  2  3  4  5  6 |
---------------+-------------------+-----
Axes           | 3 4 6 8 9 |  9.1
Fighting       | |  3.6
Armour         | |  3.2
Shields        | |  3.2

Action                   |  1- 3 |  4- 6 || total
-------------------------+-------+-------++-------
Melee: War axe           |   121 |   111 ||   232
  Use: Potion            |     2 |     2 ||     4
  Eat: Chunk             |     1 |     2 ||     3
       Ration            |       |     1 ||     1
Armor: Scale mail        |    45 |    36 ||    81
Dodge: Dodged            |    41 |    12 ||    53
Block: Shield            |    63 |    48 ||   111
